Map: Acropolis LE

Players

SandboX

  • Race: Zerg Zerg
  • League: Gold
  • Spawn Location: 11:00

klanosk - Winner!

  • Race: Protoss Protoss
  • League: Gold
  • Spawn Location: 5:00

VOD

Have the link to the VOD?

Description

Time

  • Played on: Aug. 14, 2019, 9:53 p.m.
  • Length: 9:31
Show
View Real Time Build Order
Export as new Build Order

SandboX Zerg 

Build Orders: Hatch First 

Get SALT Encoding   

  12  0:01  Drone  
  13  0:14  Overlord  
  13  0:25  Drone  
  14  0:32  Drone x2  
  16  0:36  Drone  
  17  0:56  Hatchery  
  16  1:00  Drone  
  16  1:01  Drone  
  18  1:05  Extractor  
  17  1:18  Spawning Pool  
  16  1:28  Drone x2  
  18  1:35  Drone  
  19  1:42  Overlord  
  19  2:08  Zergling x4  
  21  2:09  Queen x2  
  21  2:13  Metabolic Boost  
  25  2:25  Drone x3  
  28  2:32  Drone x2  
  30  2:52  Hatchery  
  29  2:59  Drone x3  
  29  3:03  Drone  
  33  3:08  Overlord  
  33  3:23  Drone x2  
  33  3:24  Drone  
  33  3:25  Overlord  
  33  3:26  Overlord  
  36  3:28  Drone  
  36  3:30  Drone  
  38  3:35  Drone x2  
  38  3:36  Drone  
  38  3:40  Overlord  
  41  3:56  Drone x8  
  49  4:04  Roach Warren  
  48  4:12  Drone x4, Extractor  
  48  4:15  Extractor  
  50  4:32  Drone x6  
  50  4:33  Drone x3  
  50  4:34  Overlord  
  59  4:50  Lair  
  59  4:58  Queen  
  59  4:59  Evolution Chamber  
  60  5:01  Evolution Chamber, Roach  
  60  5:02  Roach x9  
  79  5:24  Drone x3  
  82  5:29  Overlord x4  
  82  5:32  Zerg Ground Armor Level 1, Zerg Missile Weapons Level 1  
  82  5:38  Extractor  
  81  5:45  Extractor  
  81  5:47  Extractor  
  79  5:50  Glial Reconstitution  
  79  5:53  Hydralisk Den  
  78  5:58  Roach x8  
  94  6:12  Drone x8  
  94  6:13  Drone x3  
  105  6:28  Roach x4  
  113  6:35  Overseer  
  113  6:42  Spore Crawler  
  113  6:43  Spore Crawler  
  113  6:45  Spore Crawler  
  113  6:46  Roach x2  
  114  6:48  Overlord x3  
  114  6:49  Overlord x3  
  114  6:51  Muscular Augments  
  114  7:09  Roach x10  
  114  7:10  Roach x3  
  140  7:29  Hydralisk x5  
  148  7:47  Hydralisk x7  
  148  7:57  Hydralisk x4  
  98  8:17  Roach x4  
  98  8:18  Roach  
  108  8:25  Hatchery  
  105  8:27  Roach  
  105  8:28  Roach x3  
  113  8:45  Roach x7  
  101  8:56  Roach x4  
  101  8:57  Roach x2  
Show
View Real Time Build Order
Export as new Build Order

klanosk Protoss - Winner!

Build Orders: Zealot Archon, Dark Templar Rush 

Get SALT Encoding   

  12  0:01  Probe  
  13  0:19  Pylon  
  13  0:32  Probe  
  14  0:40  Probe  
  14  0:44  Gateway  
  14  0:49  Probe  
  15  0:55  Pylon  
  16  1:02  Probe  
  17  1:07  Assimilator  
  17  1:12  Assimilator  
  17  1:14  Probe  
  18  1:26  Probe  
  19  1:33  Cybernetics Core  
  19  1:38  Probe  
  20  1:52  Nexus  
  20  2:02  Probe  
  20  2:07  Pylon  
  21  2:14  Probe  
  22  2:26  Probe, Twilight Council  
  23  2:31  Stalker  
  25  2:41  Gateway  
  25  2:57  Probe  
  26  3:00  Robotics Facility  
  26  3:05  Pylon  
  26  3:06  Warp Gate  
  26  3:09  Probe  
  27  3:13  Probe  
  27  3:14  Pylon  
  27  3:19  Probe  
  28  3:21  Probe  
  28  3:22  Charge  
  30  3:27  Probe  
  30  3:30  Probe  
  32  3:35  Probe  
  33  3:42  Probe  
  33  3:48  Dark Shrine  
  34  3:57  Probe x2  
  34  4:00  Assimilator  
  34  4:01  Observer  
  34  4:02  Assimilator  
  37  4:05  Probe  
  37  4:09  Probe  
  39  4:13  Probe  
  39  4:19  Zealot  
  39  4:23  Gateway  
  39  4:24  Probe  
  43  4:33  Gateway  
  43  4:35  Probe, Gateway  
  43  4:36  Probe  
  45  4:47  Probe  
  45  4:48  Probe, Gateway  
  45  4:51  Gateway  
  47  4:57  Immortal  
  52  5:00  Probe x2  
  53  5:12  Probe, Dark Templar x2  
  58  5:19  Gateway  
  58  5:22  Gateway  
  58  5:29  Dark Templar  
  58  5:33  Gateway  
  60  5:39  Immortal  
  64  5:47  Dark Templar  
  64  5:48  Zealot x2  
  70  5:57  Pylon  
  70  5:59  Pylon  
  70  6:02  Pylon  
  70  6:04  Pylon  
  70  6:12  Pylon  
  70  6:15  Probe, Pylon  
  71  6:19  Pylon  
  71  6:20  Archon  
  71  6:21  Archon  
  71  6:22  Pylon  
  71  6:29  Dark Templar x3  
  71  6:32  Dark Templar  
  79  6:33  Zealot  
  79  6:34  Zealot  
  79  6:39  Warp Prism  
  83  6:45  Pylon  
  83  6:47  Pylon  
  85  6:58  Observer  
  85  6:59  Dark Templar x2  
  85  7:00  Zealot  
  85  7:01  Zealot  
  93  7:03  Archon x2  
  93  7:04  Archon  
  93  7:28  Dark Templar  
  93  7:29  Dark Templar x2  
  99  7:32  Zealot x2  
  99  7:33  Zealot x5  
  102  8:01  Dark Templar x2  
  102  8:04  Zealot x6  
  102  8:05  Zealot  
  112  8:32  Gateway  
  112  8:39  Archon x2  
  112  8:42  Dark Templar x2  
  112  8:43  Dark Templar  
  112  8:45  Zealot x2  
  122  8:49  Dark Templar  
  122  8:52  Zealot  
  118  9:18  Archon  
  118  9:19  Archon  
  118  9:28  Zealot x2  
  118  9:29  Zealot x4  
  118  9:30  Zealot x4  
  118  9:31  Zealot  
Tags
 
Add a new tag
Caveats
  • Supply blocks, unpowered buildings, or Contaminate may cause inaccurate times.
  • Supply counts are checked every 10 seconds.